Map: Orbital Shipyard

Players

ILLBdA - Winner!

  • Race: Protoss Protoss
  • League: Diamond

shinLoVe

  • Race: Protoss Protoss
  • League: Diamond

VOD

Have the link to the VOD?

Description

Time

  • Played on: Dec. 20, 2015, 9:46 a.m.
  • Length: 7:19
Show
View Real Time Build Order
Export as new Build Order

ILLBdA Protoss - Winner!

Build Orders: Cannon Rush 

Get SALT Encoding   

  12  0:02  Probe (Chrono Boost)  
  13  0:12  Probe (Chrono Boost)  
  14  0:18  Pylon  
  14  0:23  Probe (Chrono Boost)  
  15  0:36  Probe (Chrono Boost)  
  15  0:40  Forge  
  16  0:47  Probe (Chrono Boost)  
  17  1:15  Probe (Chrono Boost)  
  18  1:20  Pylon  
  18  1:21  Pylon  
  18  1:22  Pylon  
  18  1:27  Probe (Chrono Boost)  
  19  1:34  Pylon  
  19  1:38  Photon Cannon  
  19  1:40  Photon Cannon  
  19  1:52  Photon Cannon  
  19  2:04  Probe (Chrono Boost), Pylon  
  20  2:11  Photon Cannon  
  20  2:20  Pylon  
  20  2:29  Photon Cannon  
  20  2:49  Pylon x2  
  20  3:02  Probe (Chrono Boost)  
  21  3:13  Probe (Chrono Boost)  
  22  3:21  Pylon, Photon Cannon  
  22  3:22  Pylon  
  22  3:27  Pylon  
  22  3:36  Probe (Chrono Boost)  
  22  3:40  Gateway  
  23  3:47  Probe (Chrono Boost)  
  23  3:48  Assimilator  
  23  3:51  Gateway  
  23  4:01  Probe (Chrono Boost)  
  24  4:12  Probe (Chrono Boost)  
  25  4:19  Pylon  
  25  4:23  Probe (Chrono Boost)  
  26  4:28  Cybernetics Core, Zealot (Chrono Boost)  
  28  4:40  Nexus  
  28  4:41  Pylon  
  28  4:45  Photon Cannon  
  30  4:53  Zealot (Chrono Boost)  
  30  4:56  Zealot (Chrono Boost)  
  32  5:04  Mothership Core  
  32  5:05  Pylon  
  34  5:10  Warp Gate  
  34  5:29  Adept (Chrono Boost)  
  34  5:30  Probe  
  35  5:37  Adept (Chrono Boost)  
  35  5:42  Probe  
  36  5:54  Pylon  
  36  5:56  Adept (Chrono Boost), Pylon  
  36  6:01  Adept (Chrono Boost)  
  34  6:21  Pylon  
  34  6:23  Adept (Chrono Boost)  
  34  6:24  Adept (Chrono Boost)  
  38  6:26  Pylon  
  38  6:34  Photon Cannon  
  38  6:35  Probe x2  
  42  6:47  Probe  
  42  6:48  Adept (Chrono Boost)  
  42  6:50  Adept (Chrono Boost)  
Show
View Real Time Build Order
Export as new Build Order

shinLoVe Protoss 

Build Orders:  

Get SALT Encoding   

  12  0:01  Probe (Chrono Boost)  
  13  0:14  Pylon  
  13  0:18  Probe (Chrono Boost)  
  14  0:32  Forge  
  14  0:35  Probe (Chrono Boost)  
  15  0:49  Assimilator  
  15  0:51  Probe (Chrono Boost)  
  15  0:54  Assimilator  
  16  1:01  Assimilator  
  16  1:10  Gateway  
  16  1:13  Probe (Chrono Boost)  
  17  1:25  Probe (Chrono Boost)  
  18  1:30  Pylon  
  18  2:00  Nexus  
  17  2:25  Cybernetics Core  
  15  4:16  Pylon  
  15  4:35  Mothership Core (Chrono Boost)  
  17  4:41  Assimilator  
  17  4:45  Assimilator  
  17  4:49  Pylon  
  17  4:51  Pylon  
  17  5:22  Gateway  
  17  5:25  Forge  
  17  5:30  Probe (Chrono Boost)  
  18  5:40  Probe (Chrono Boost)  
  19  5:46  Pylon  
  19  5:47  Pylon  
  19  5:55  Probe (Chrono Boost)  
  18  6:06  Probe (Chrono Boost)  
  19  6:12  Photon Cannon  
  19  6:16  Probe (Chrono Boost), Photon Cannon  
  18  6:28  Pylon  
  18  6:29  Pylon  
  18  6:31  Pylon  
  18  6:32  Pylon  
Tags
 
Matchup
PvP
Replay Pack
me
Add a new tag
Caveats
  • Supply blocks, unpowered buildings, or Contaminate may cause inaccurate times.
  • Supply counts are checked every 10 seconds.